 Dungeon Crawl Stone Soup version 0.29-a0-359-g541a27f54d (webtiles) character file.

Game seed: 1932691754002990634

323 Colgate the Covert (level 6, 0/35 HPs)
             Began as a Kobold Brigand on Apr 28, 2022.
             Was a Priest of Lugonu.
             Succumbed to a scorpion's poison
             ... on level 4 of the Dungeon.
             The game lasted 00:06:28 (4307 turns).

Colgate the Covert (Kobold Brigand)                 Turns: 4307, Time: 00:06:28

Health: 0/35       AC:  6    Str:  9    XL:     6   Next: 77%
Magic:  6/6        EV: 12    Int: 12    God:    Lugonu [***...]
Gold:   173        SH:  0    Dex: 18    Spells: 5/5 levels left

rFire   . . .      SeeInvis .   a - +2 dagger
rCold   . . .      Faith    +   (no shield)
rNeg    . . .      Spirit   .   i - +0 ring mail
rPois   .          Reflect  .   (no helmet)
rElec   .          Harm     .   c - +0 cloak
rCorr   .          Rampage  .   (no gloves)
Will    .....                   (no boots)
Stlth   +++.......              j - amulet of faith
HPRegen 0.11/turn               (no ring)
MPRegen 0.10/turn               (no ring)

@: lethally poisoned (0 -> -6), very slow
A: small, no large weapons, nightstalker 3
a: Renounce Religion, Depart the Abyss, Bend Space, Banish


You were on level 4 of the Dungeon.
You worshipped Lugonu.
Lugonu was most pleased with you.
You visited 1 branch of the dungeon, and saw 4 of its levels.

You collected 173 gold pieces.

Inventory:

Hand Weapons
 a - a +2 dagger (weapon)
Missiles
 d - 20 poisoned darts (quivered)
 e - 7 curare-tipped darts
Armour
 b - a +0 robe
 c - a +0 cloak (worn)
 i - a +0 ring mail (worn)
Jewellery
 j - an amulet of faith (around neck)
Scrolls
 f - 2 scrolls of immolation
 h - a scroll of fog
 n - a scroll of holy word
 p - 2 scrolls of magic mapping {unknown}
 r - 2 scrolls of enchant weapon {unknown}
 u - a scroll of silence {unknown}
 w - a scroll of fear {unknown}
 y - 2 scrolls of teleportation {unknown}
Potions
 g - 4 potions of curing {@q1}
 k - a potion of resistance {unknown}
 l - a potion of invisibility
 m - 3 potions of mutation
 o - 2 potions of lignification
 q - a potion of might {unknown}
 s - a potion of heal wounds {unknown}
 t - a potion of attraction {unknown}
 v - a potion of cancellation {unknown}
 x - a potion of ambrosia {unknown}
 z - a potion of haste {unknown}


   Skills:
 - Level 2.1 Fighting
 - Level 6.2 Short Blades
 - Level 2.1 Throwing
 - Level 1.2 Dodging
 + Level 8.6 Stealth


You had 5 spell levels left.
You didn't know any spells.
Your spell library contained the following spells:

 Spells                   Type           Power      Damage    Failure   Level
 Beastly Appendage        Tmut           0%         N/A       67%         1
 Static Discharge         Conj/Air       0%         N/A       80%         2
 Wereblood                Tmut           0%         N/A       80%         2
 Spider Form              Tmut/Pois      0%         N/A       95%         3
 Tukima's Dance           Hex            0%         N/A       95%         3
 Passage of Golubria      Tloc           0%         N/A       100%        4
 Lightning Bolt           Conj/Air       0%         1d11      100%        5
 Yara's Violent Unravell  Hex/Tmut       0%         3d3       100%        5
 Dispersal                Tloc           0%         N/A       100%        6
 Disjunction              Tloc           0%         N/A       100%        8
 Maxwell's Capacitive Co  Air            0%         ∞         100%        8


Dungeon Overview and Level Annotations

Branches:
Dungeon (4/15)             Temple (0/1) D:4

Altars:
Lugonu

Shops:
D:3 *


Innate Abilities, Weirdness & Mutations

You are small and have problems with some larger weapons.
You are completely attuned to the shadows.


Message History

You are too injured to fight recklessly!
A scorpion is nearby!
You are too injured to fight recklessly!
A scorpion is nearby!
You are too injured to fight recklessly!
A scorpion is nearby!
You are too injured to fight recklessly!
A scorpion is nearby!
You hit the scorpion but do no damage.
You feel sick. The scorpion stings you.
You barely miss the scorpion.
You feel sick. The scorpion stings you.
You are lethally poisoned!
The scorpion poisons you!
You hit the scorpion.
You punch the scorpion, but do no damage.
You feel sick.
The scorpion stings you but does no damage.
Your unstable footing causes you to fumble your attack.
* * * LOW HITPOINT WARNING * * *
You feel very sick. The scorpion misses you.
You hit the scorpion but do no damage.
* * * LOW HITPOINT WARNING * * *
You feel sick.
The scorpion stings you but does no damage.
You hit the scorpion.
* * * LOW HITPOINT WARNING * * *
You feel sick. The scorpion stings you.
* * * LOW HITPOINT WARNING * * *
You hit the scorpion but do no damage.
* * * LOW HITPOINT WARNING * * *
You feel sick.
Your unstable footing causes you to fumble your attack.
* * * LOW HITPOINT WARNING * * *
You feel sick. The scorpion closely misses you.
You hit the scorpion but do no damage.
* * * LOW HITPOINT WARNING * * *
You feel sick.
The scorpion stings you but does no damage.
Your unstable footing causes you to fumble your attack.
You die...

.....###.....
♣≈≈.≈♣♣# #......##
.....
.♣P≈.P♣≈##.......##
....♣
.≈≈≈.P♣≈##.###....#
...♣ ♣≈≈≈.PP≈...
##...# ♣≈≈≈.≈P♣♣
##..# ♣≈≈≈.≈≈♣ #...
♣♣≈≈P.≈≈♣ ......
♣♣≈P≈≈.≈♣≈# ##..##
≈≈≈s@≈.≈♣.. ##...
≈≈≈≈≈≈.♣..# #.##
.........## .
≈≈≈≈≈≈.....
≈≈≈≈≈≈≈≈..#
≈P≈≈≈♣###


You could see a scorpion.

Vanquished Creatures
  A black bear (D:4)
  2 orc wizards
  6 gnolls (D:4)
  3 adders
  2 worms
  2 dart slugs
  6 orcs
  8 ball pythons
  8 bats
  8 endoplasms
  3 giant cockroaches
  6 goblins
  8 hobgoblins
  2 jackals (D:4)
  4 kobolds
  4 quokkas
  3 frilled lizards
  5 rats
81 creatures vanquished.

Vanquished Creatures (others)
  5 plants (D:4)
5 creatures vanquished.

Grand Total: 86 creatures vanquished

Notes
Turn   | Place    | Note
-------+----------+-------------------------------------------
     0 | D:1      | Colgate the Kobold Brigand began the quest for the Orb.
     0 | D:1      | Reached XP level 1. HP: 12/12 MP: 1/1
   477 | D:1      | Reached XP level 2. HP: 17/17 MP: 2/2
   953 | D:1      | Reached XP level 3. HP: 21/21 MP: 3/3
  1380 | D:1      | Found a faded altar of an unknown god.
  1389 | D:1      | Prayed at the altar of an unknown god.
  1389 | D:1      | Became a worshipper of Lugonu the Unformed
  1389 | D:1      | Reached * piety under Lugonu
  1389 | D:1      | Reached ** piety under Lugonu
  1609 | D:2      | Reached skill level 6 in Stealth
  1731 | D:2      | Reached XP level 4. HP: 6/26 MP: 4/4
  2231 | D:2      | Reached skill level 5 in Short Blades
  2840 | D:3      | Reached *** piety under Lugonu
  2973 | D:3      | Reached XP level 5. HP: 30/30 MP: 5/5
  3143 | D:3      | Found Faafaixo's General Store.
  3186 | D:3      | You fall into a shaft and drop 1 floor!
  3488 | D:4      | HP: 1/30 [something (1)]
  3496 | D:4      | Reached skill level 7 in Stealth
  3496 | D:4      | Reached XP level 6. HP: 2/35 MP: 6/6
  4170 | D:4      | Found a staircase to the Ecumenical Temple.
  4214 | D:4      | Noticed a black bear
  4218 | D:4      | Killed a black bear
  4219 | D:4      | Reached skill level 8 in Stealth
  4306 | D:4      | HP: 1/35 [poisoned by a scorpion]
  4307 | D:4      | Succumbed to a scorpion's poison

Illustrated notes

Levels and vault maps discovered:
D:1:      nzn_arrival_depleted_hourglass, layout_loops_corners,
          shapermc_ecumenical_altar_ellora
D:2:      layout_loops_ring, minmay_circle_x
D:3:      layout_loops_corners, serial_shops, shop
D:4:      layout_rooms, minmay_temple_entry_glassed_door, serial_bayou,
          serial_bayou_shore_b, serial_bayou_pond_d, serial_bayou_shore_b,
          serial_bayou_lagoon_b, serial_bayou_pond_d, serial_bayou_crossing,
          uniq_blork_the_orc

Skill      XL: |  1  2  3  4  5  6 |
---------------+-------------------+-----
Short Blades   | 3 4 6 |  6.2
Stealth        | 6 7 8 |  8.6
Fighting       | |  2.1
Throwing       | |  2.1
Dodging        | |  1.2

Action                   |  1- 3 |  4- 6 || total
-------------------------+-------+-------++-------
Melee: Dagger            |   104 |   153 ||   257
       Punch             |     1 |     2 ||     3
  Use: Scroll            |     4 |     3 ||     7
 Stab: Sleeping          |    13 |    23 ||    36
Armor: Ring mail         |    50 |    36 ||    86
Dodge: Dodged            |    79 |    53 ||   132

Table legend: (Time is in decaauts)
 A = Elapsed time spent in this place.
 B = Non-inter-level travel time spent in this place.
 C = Inter-level travel time spent in this place.
 D = Time resting spent in this place.
 E = Time spent auto-exploring this place.
 F = Levels seen in this place.
 G = Mean time per level.
                   A        B        C        D        E       F      G
               +--------+--------+--------+--------+--------+-----+--------+
         Total |   4246 |   4165 |     81 |      0 |   3547 |   4 | 1061.5 |
       Dungeon |   4246 |   4165 |     81 |      0 |   3547 |   4 | 1061.5 |
               +--------+--------+--------+--------+--------+-----+--------+

Top non-repeatable levels by time:
     D:1: 1532 daAuts
     D:4: 1095 daAuts
     D:2: 1002 daAuts
     D:3: 615 daAuts
